 Dungeon Crawl Stone Soup version 0.31.0-12-g77e489cdc1 (webtiles) character file.

Game seed: 11021994255407101195

32 Gadfly the Ruffian (level 3, 26/26 HPs)
             Began as a Demonspawn Shapeshifter on Mar 3, 2024.
             Quit the game on level 1 of the Dungeon.
             The game lasted 00:01:25 (594 turns).

Gadfly the Ruffian (Demonspawn Shapeshifter)         Turns: 594, Time: 00:01:25

Health: 26/26      AC:  2    Str: 16    XL:     3   Next: 10%
Magic:  3/3        EV: 12    Int: 10    God:
Gold:   106        SH:  0    Dex: 12    Spells: 2/2 levels left

rFire   . .          .
                       - Unarmed
rCold   . . .        (no shield)
rNeg    . . .        a - +0 animal skin
rPois   .            (helmet currently unavailable)
rElec   .            (cloak currently unavailable)
rCorr   .            (gloves currently unavailable)
SInv    .            g - melded +0 pair of boots
Will    .....        (no amulet)
Stlth   +            e - ring of flight
HPRegen 0.24/turn    (no ring)
MPRegen 0.16/turn

%: no passive effects
@: beast-form, flying
A: beast (slay +1), powered by death 1, magic regeneration
a: Begin Untransformation


You were on level 1 of the Dungeon.
You were a hulking beast.
You visited 1 branch of the dungeon, and saw 1 of its levels.

You collected 106 gold pieces.

Inventory:

Armour
 a - a +0 animal skin (worn)
 g - a +0 pair of boots (melded)
Jewellery
 e - a ring of flight (left hand)
Talismans
 c - a beast talisman (active)
 d - a flux talisman
Scrolls
 f - a scroll of fear {unknown}
 h - 3 scrolls of silence {unknown}
 i - a scroll of enchant weapon {unknown}
 j - a scroll of identify {unknown}
Potions
 b - a potion of lignification


   Skills:
 + Level 1.5 Fighting
 + Level 2.0 Dodging
 * Level 3.0 Unarmed Combat
 * Level 1.2 Evocations
 + Level 2.8 Shapeshifting


You had 2 spell levels left.
You didn't know any spells.
Your spell library was empty.

Dungeon Overview and Level Annotations

Branches:
Dungeon (1/15)

Altars:


Innate Abilities, Weirdness & Mutations

You are a hulking beast.
Your limbs bulge with bestial killing power. (Slay +1)
You regenerate a little health from kills.
You regenerate magic rapidly.


Message History

No target in view!
i - a scroll labelled AMIR DONUETAZ An endoplasm comes into view.
An endoplasm is nearby!
Nothing quivered!
A ball python comes into view.
The ball python hisses angrily.
The endoplasm quivers.
You punch the ball python!
You kill the ball python!
The endoplasm completely misses you.
You hit the endoplasm.
You kill the endoplasm!
No target in view!
No target in view!
No target in view!
No target in view!
No target in view!
No target in view!
No target in view!
No target in view!
No target in view!
No target in view!
No target in view!
No target in view!
No target in view!
Found a battleaxe.
You see here a +0 battleaxe.
You now have 106 gold pieces (gained 10).
j - a scroll labelled DUWIUGACUE
Found an escape hatch in the floor.
No quiver actions available for cycling.
Use [Q] to select from all actions.
No quiver actions available for cycling.
Use [Q] to select from all actions.
No target in view!
Found a chain mail.
No target in view!
Done exploring.
Done exploring.
Okay, then.
Are you sure you want to abandon this character and quit the game? (Confirm with "yes".)

#..........# #..........#
#..........# #..........#
##........## ##### ##........##
...># #..........#
....#################..........#
.........[....>.h..............#
.....################..........#
........## #..........##
#####....# ###.........#..
#....##########..............
#..)..........#.#............
#....######..................
####.....##(##...##..........
#.###.........##...#รทรท....


There were no monsters in sight!

Vanquished Creatures
  2 dart slugs (D:1)
  3 ball pythons (D:1)
  6 endoplasms (D:1)
  3 giant cockroaches (D:1)
  2 hobgoblins (D:1)
  3 jackals (D:1)
  A bat (D:1)
  A frilled lizard (D:1)
  A goblin (D:1)
  A kobold (D:1)
  2 rats (D:1)
25 creatures vanquished.

Notes
Turn   | Place    | Note
-------+----------+-------------------------------------------
     0 | D:1      | Gadfly the Demonspawn Shapeshifter began the quest for the
                  | Orb.
     0 | D:1      | Reached XP level 1. HP: 15/15 MP: 1/1
   126 | D:1      | Gained mutation: You regenerate a little health from kills.
                  | [demonic ancestry]
   126 | D:1      | Reached XP level 2. HP: 13/21 MP: 2/2
   197 | D:1      | Reached skill level 1 in Evocations
   216 | D:1      | Reached skill level 3 in Unarmed Combat
   310 | D:1      | Gained mutation: You regenerate magic rapidly. [demonic
                  | ancestry]
   310 | D:1      | Reached XP level 3. HP: 21/26 MP: 3/3
   594 | D:1      | Quit the game

Illustrated notes

Levels and vault maps discovered:
D:1:      eino_arrival_water_star, layout_rooms, st_stairs_14

Skill      XL: |  1  2 |
---------------+-------+-----
Dodging        | 2 |  2.0
Evocations     | 1 |  1.2
Unarmed Combat | 3 |  3.0
Fighting       | |  1.5
Shapeshifting  | |  2.8

Action                     || total
---------------------------++-------
  Melee: Unarmed           ||    64
Ability: Begin Untransform ||     1
 Armour: Animal skin       ||    45
  Dodge: Dodged            ||    54
   Form: Beast             ||     1
         Flux              ||     1
